 Dungeon Crawl Stone Soup version 0.22.1-2-g9c5b331 (webtiles) character file.

2 MalarOregon the Magician (level 1, 0/13 HPs)
             Began as a Merfolk Wizard on Nov 26, 2018.
             Slain by an adder (3 damage)
             ... on level 2 of the Dungeon.
             The game lasted 00:00:57 (129 turns).

MalarOregon the Magician (Merfolk Wizard)            Turns: 129, Time: 00:00:58

Health: 0/13       AC:  2    Str:  7    XL:     1   Next: 40%
Magic:  0/4        EV: 13    Int: 17    God:
Gold:   0          SH:  0    Dex: 12    Spells: 5/6 levels left

rFire    . . .     SeeInvis .   (no weapon)
rCold    . . .     Gourm    .   (no shield)
rNeg     . . .     Faith    .   a - +0 robe
rPois    .         Spirit   .   b - +0 hat
rElec    .         Reflect  .   (no cloak)
rCorr    .         Harm     .   (no gloves)
MR       .....                  (no boots)
Stlth    ++........             (no amulet)
HPRegen  0.04/turn              (no ring)
MPRegen  0.09/turn              (no ring)

@: no status effects
A: change form in water, swift swim, stealthy swim
a: no special abilities


You were on level 2 of the Dungeon.
You were not hungry.

You visited 1 branch of the dungeon, and saw 2 of its levels.

Inventory:

Armour
 a - a +0 robe (worn)
 b - a +0 hat (worn)
Comestibles
 c - 3 chunks of flesh
 e - a ration {!d}


   Skills:
 + Level 0.0 Armour
 + Level 2.7 Dodging
 + Level 2.2 Stealth
 + Level 3.0 Spellcasting
 + Level 0.8 Conjurations
   Level 1.0 Summonings
   Level 0.7 Translocations


You had 5 spell levels left.
You knew the following spells:

 Your Spells              Type           Power        Failure   Level  Hunger
a - Magic Dart            Conj           #...         12%         1    None

Your spell library contained the following spells:

 Spells                   Type           Power        Failure   Level  Hunger
 Call Imp                 Summ           #.......     17%         2    ##.....
 Blink                    Tloc           N/A          21%         2    ##.....
 Slow                     Hex            #.......     26%         2    ##.....
 Conjure Flame            Conj/Fire      #.......     41%         3    ###....
 Mephitic Cloud           Conj/Pois/Air  #.......     43%         3    ###....


Dungeon Overview and Level Annotations

Branches:
Dungeon (2/15)

Altars:


Message History

A jackal comes into view.
You see here 5 gold pieces.
Aim: a jackal The magic dart hits the jackal.
The jackal barely misses you. The jackal bites you.
Aim: a jackal (moderately wounded)
The magic dart hits the jackal.
The jackal closely misses you.
Aim: a jackal (moderately wounded)
The magic dart hits the jackal.
The jackal barks!
The jackal completely misses you. The jackal barely misses you.
Aim: a jackal (moderately wounded)
The magic dart hits the jackal.
You closely miss the jackal. The jackal barely misses you.
You hit the jackal but do no damage. The jackal closely misses you.
A jackal comes into view.
You barely miss the jackal. The jackal bites you. x2
The jackal completely misses you.
The jackal bites you but does no damage.
The jackal barely misses you.
Aim: a jackal (heavily wounded)
You miscast Magic Dart.
You are very lightly contaminated with residual magic.
Nothing appears to happen.
The jackal bites you but does no damage.
The jackal closely misses you.
The jackal bites you but does no damage.
The jackal misses you. The jackal completely misses you.
Aim: a jackal (heavily wounded)
The magic dart hits the jackal.
The jackal completely misses you. The jackal barely misses you.
The jackal bites you.
* * * LOW HITPOINT WARNING * * *
The jackal bites you.
* * * LOW HITPOINT WARNING * * *
The jackal bites you.
* * * LOW HITPOINT WARNING * * *
There is a staircase leading out of the dungeon here.
There is an open door here.
There is a stone staircase leading down here.
The jackal barely misses you.
Your magical contamination has completely faded away.
You climb downwards.
An adder and a hobgoblin come into view.
There is a stone staircase leading up here.
The helpless adder fails to defend itself.
You hit the adder but do no damage. The adder barely misses you.
Aim: an adder The magic dart hits the adder.
The adder bites you.
You die...

#########
#......@#
.......S#
#..g....#
#########


You could see an adder and a hobgoblin (sleeping).

Vanquished Creatures
  A bat (D:1)
  A frilled lizard (D:1)
  A rat (D:1)
3 creatures vanquished.

Notes
Turn   | Place    | Note
-------+----------+-------------------------------------------
     0 | D:1      | MalarOregon the Merfolk Wizard began the quest for the Orb.
     0 | D:1      | Reached XP level 1. HP: 13/13 MP: 4/4
   129 | D:2      | Slain by an adder

Action                   || total
-------------------------++-------
Melee: Unarmed           ||     6
 Cast: Magic Dart        ||    10
 Stab: Sleeping          ||     1
Armor: Robe              ||     4
Dodge: Dodged            ||    16
